 Dungeon Crawl Stone Soup version 0.16.2-12-gd0ad4c3 (webtiles) character file.

149 schauveau the Chopper (level 5, -6/45 HPs)
             Began as a Hill Orc Fighter on Oct 27, 2015.
             Mangled by an ogre
             ... wielding a +0 giant club
              (12 damage)
             ... on level 4 of the Dungeon.
             The game lasted 00:07:54 (2302 turns).

schauveau the Chopper (Hill Orc Fighter)            Turns: 2302, Time: 00:07:54

Health: -6/45      AC:  8    Str: 20    XL:     5   Next: 31%
Magic:  5/5        EV:  9    Int:  8    God:
Gold:   206        SH:  0    Dex: 10    Spells: 0 memorised, 4 levels left

rFire  . . .     SeeInvis .     a - +0 war axe
rCold  . . .     Clarity  .     b - +0 scale mail
rNeg   . . .     SustAb   .     (no shield)
rPois  .         Gourm    .     (no helmet)
rElec  .         Spirit   .     (no cloak)
rCorr  .         Warding  .     p - +0 pair of gloves
rMut   .         Stasis   .     (no boots)
MR     .....                    (no amulet)
Stlth  ..........               (no ring)
                                (no ring)

@: slowed, very slow, not resistant to hostile enchantments, extremely
unstealthy
A: no striking features
a: no special abilities


You were on level 4 of the Dungeon.
You were not hungry.

You visited 1 branch of the dungeon, and saw 4 of its levels.

You collected 206 gold pieces.

Inventory:

Hand weapons
 a - a +0 war axe (weapon)
 g - a +0 flail
 n - a +3 vampiric dagger
 w - a +0 flail
Missiles
 i - 42 arrows
 l - 12 poisoned javelins (quivered)
 r - 23 bolts
Armour
 b - a +0 scale mail (worn)
 c - a +0 shield
 m - a +2 pair of gloves
 p - a +0 pair of gloves (worn)
Magical devices
 h - a wand of disintegration (8)
Scrolls
 d - a scroll of enchant armour {unknown}
 f - a scroll of identify
 o - 3 scrolls of remove curse
Potions
 e - a potion of might
 j - a potion of ambrosia
 q - 2 potions of heal wounds
 t - a potion of haste
Books
 x - a book of Ice

   Spells                             Type                      Level
   a - Ice Form                       Ice/Transmutation            4
   b - Metabolic Englaciation         Hexes/Ice                    5
   c - Ozocubu's Refrigeration        Ice                          6
   d - Bolt of Cold                   Conjuration/Ice              6
   e - Freezing Cloud                 Conjuration/Ice/Air          6
   f - Simulacrum                     Ice/Necromancy               6
Comestibles
 k - a bread ration
 s - a beef jerky


   Skills:
 - Level 3.6 Fighting
 + Level 7.1 Axes
 - Level 3.2 Armour
 - Level 3.2 Shields


You had 4 spell levels left.
You didn't know any spells.

Dungeon Overview and Level Annotations

Branches:
Dungeon (4/15)
 Temple: D:4-7

Altars:
Trog

Annotations:
D:4 Menkaure


Message History

The orc wizard blinks!
You hit the ogre.
The ogre is lightly wounded.
The ogre hits you but does no damage.
You barely miss the ogre.
The ogre is lightly wounded.
The ogre hits you with a giant club!
The orc wizard gestures wildly while chanting.
The orc wizard blinks!
The ogre closely misses you.
You barely miss the ogre.
The ogre is lightly wounded.
The orc wizard casts a spell.
The orc wizard blinks!
The ogre hits you with a giant club!!
Ouch! That really hurt!
* * * LOW HITPOINT WARNING * * *
You hit the ogre.
The ogre is moderately wounded.
You hear the slow rusting of a distant drain.
The ogre hits you with a giant club!
You die...

############....###. #.
#.............# ## .##
#.........#...# ..###.
#.###....##...##..# ...#..
#..#.§..####.###..# #.....###
#..#...## ##.# ##.# #.
#....#####......# ##..###...
#..#...............###...#...##
##..........##.@O.o...M......###
..........#####..........#......
....###..## ##..........#.....
.. ##.## #..........#..... #<.#
#.......#.......>
##..............##.......
..#.........§.#.%......
.#####...###........... .# #...#
##.......##.


You could see an ogre, Menkaure and an orc wizard.

Vanquished Creatures
  Ijyb (D:3)
  5 adders
  A giant mite (D:3)
  2 oozes (D:1)
  5 orcs (D:2)
  7 bats
  9 hobgoblins
  7 jackals (D:3)
  7 kobolds
  2 quokkas
  5 giant newts
  14 goblins
  4 rats
69 creatures vanquished.

Vanquished Creatures (others)
  A bat (D:1)
1 creature vanquished.

Grand Total: 70 creatures vanquished

Notes
Turn   | Place    | Note
--------------------------------------------------------------
     0 | D:1      | schauveau, the Hill Orc Fighter, began the quest for the Orb.
     0 | D:1      | Reached XP level 1. HP: 19/19 MP: 1/1
   152 | D:1      | Reached XP level 2. HP: 19/26 MP: 2/2
   347 | D:1      | Reached skill level 4 in Axes
   757 | D:2      | Reached XP level 3. HP: 28/31 MP: 3/3
   897 | D:2      | Reached skill level 5 in Axes
  1041 | D:2      | Reached XP level 4. HP: 32/39 MP: 4/4
  1128 | D:2      | Reached skill level 6 in Axes
  1363 | D:3      | Found a bloodstained altar of Trog.
  1657 | D:3      | Reached XP level 5. HP: 41/45 MP: 5/5
  1941 | D:3      | Noticed Ijyb
  1949 | D:3      | Killed Ijyb
  2032 | D:3      | Reached skill level 7 in Axes
  2241 | D:4      | Noticed Menkaure
  2284 | D:4      | Noticed an ogre
  2302 | D:4      | Mangled by an ogre

Action                   |  1- 3 |  4- 6 || total
-------------------------+-------+-------++-------
Melee: War axe           |    87 |   110 ||   197
  Use: Potion            |       |    10 ||    10
       Scroll            |       |     7 ||     7
  Eat: Chunk             |     1 |     2 ||     3
       Meat ration       |       |     1 ||     1
